Map: [ESL] Royal Blood

Players

SpeCial - Winner!

  • Race: Terran Terran

Elazer

  • Race: Zerg Zerg

Event: IEM Katowice 2023

VOD

Have the link to the VOD?

Description

Time

  • Played on: Feb. 9, 2023, 11:33 a.m.
  • Length: 20:18

All games in this series

Show
View Real Time Build Order
Export as new Build Order

SpeCial Terran - Winner!

Build Orders: Hellion Opening, Reaper Expand 

Get SALT Encoding   

  12  0:00  SCV  
  13  0:12  SCV  
  14  0:17  Supply Depot  
  14  0:24  SCV  
  15  0:39  SCV  
  15  0:40  Barracks  
  16  0:43  Refinery  
  16  0:51  SCV  
  17  1:03  SCV  
  18  1:15  SCV  
  19  1:27  Orbital Command, Reaper  
  20  1:37  Command Center  
  20  1:49  Supply Depot  
  20  1:53  SCV  
  21  1:59  Marine  
  22  2:05  SCV  
  22  2:07  Factory  
  23  2:15  Refinery  
  23  2:17  SCV  
  23  2:20  Barracks Reactor  
  24  2:29  SCV  
  25  2:42  SCV  
  26  2:49  Orbital Command  
  26  2:54  SCV  
  26  2:57  Starport  
  27  3:03  Command Center  
  27  3:06  SCV  
  27  3:09  Hellion  
  27  3:11  Hellion  
  32  3:13  Barracks Tech Lab  
  32  3:15  SCV  
  32  3:18  SCV  
  34  3:26  Supply Depot  
  34  3:27  SCV  
  34  3:30  Hellion  
  34  3:32  Hellion  
  39  3:35  SCV  
  39  3:39  SCV  
  39  3:40  Raven  
  43  3:41  Marine  
  43  3:47  SCV  
  45  3:49  Supply Depot  
  45  3:51  SCV  
  45  3:53  Hellion  
  45  3:54  Hellion  
  50  4:00  Barracks Tech Lab, SCV  
  51  4:05  SCV  
  52  4:12  SCV  
  52  4:14  Raven, Hellion  
  52  4:16  Hellion  
  59  4:17  SCV  
  59  4:19  Orbital Command  
  60  4:25  Supply Depot  
  60  4:26  SCV  
  61  4:35  Hellion  
  62  4:38  SCV  
  62  4:39  SCV  
  62  4:42  Orbital Command  
  62  4:44  Hellion  
  65  4:50  SCV, Supply Depot  
  65  4:52  SCV  
  67  4:57  Hellion  
  69  5:02  SCV  
  69  5:04  Factory, SCV  
  69  5:05  Hellion  
  69  5:06  Factory  
  73  5:07  SCV  
  73  5:12  Refinery  
  73  5:13  Refinery  
  74  5:14  SCV  
  74  5:16  SCV  
  74  5:19  SCV  
  74  5:20  Hellion  
  79  5:27  SCV, Hellion  
  79  5:28  SCV  
  83  5:31  SCV  
  74  5:39  SCV  
  74  5:40  SCV  
  74  5:41  Hellion  
  77  5:43  SCV  
  77  5:48  Hellion  
  70  5:51  SCV, Cyclone x2  
  70  5:52  SCV  
  70  5:55  Factory, SCV  
  79  5:58  Factory  
  79  6:03  SCV  
  80  6:04  SCV  
  80  6:05  Refinery  
  80  6:07  SCV  
  80  6:09  Refinery  
  80  6:10  Mag-Field Accelerator  
  82  6:12  Hellion x2  
  82  6:14  Supply Depot  
  82  6:15  SCV  
  82  6:16  SCV  
  82  6:17  Supply Depot  
  88  6:20  SCV  
  89  6:27  SCV  
  89  6:28  Cyclone  
  89  6:29  Supply Depot  
  93  6:35  SCV x2, Cyclone  
  93  6:39  SCV, Supply Depot  
  99  6:44  Command Center  
  99  6:45  Factory Tech Lab, Factory Reactor  
  99  6:46  Hellion x2  
  103  6:47  SCV x2  
  103  6:51  SCV  
  103  6:53  Armory  
  106  6:55  Armory  
  106  6:59  SCV x2  
  108  7:03  SCV  
  108  7:04  Supply Depot  
  108  7:07  Hellion x2  
  117  7:08  Cyclone x2  
  117  7:12  Supply Depot  
  117  7:15  Supply Depot  
  115  7:21  Infernal Pre-Igniter  
  115  7:22  Hellion x2  
  119  7:27  SCV x2  
  119  7:28  SCV  
  119  7:29  Supply Depot, Hellion x2  
  126  7:30  Engineering Bay, Supply Depot  
  126  7:40  Hellion  
  126  7:41  Cyclone  
  126  7:44  Terran Vehicle Weapons Level 1, Terran Vehicle And Ship Armor Level 1, Hellion x2  
  133  7:50  Hellion  
  135  7:53  SCV  
  132  8:01  Hellion x2  
  132  8:03  Siege Tank  
  117  8:07  Hellion x2  
  117  8:09  SCV  
  117  8:11  SCV x2  
  117  8:13  Siege Tank  
  114  8:21  SCV  
  114  8:23  SCV x2  
  114  8:24  Hellion x2  
  114  8:25  Siege Tank  
  124  8:33  SCV  
  123  8:35  SCV x2  
  123  8:36  Siege Tank  
  123  8:37  Hellion  
  123  8:38  Hellion  
  132  8:45  Siege Tank, SCV  
  132  8:47  SCV  
  136  8:48  SCV  
  136  8:50  Planetary Fortress  
  139  8:56  Hellion x2  
  139  8:57  Siege Tank  
  139  8:58  SCV  
  139  9:02  Sensor Tower  
  145  9:04  SCV  
  145  9:05  SCV  
  145  9:08  Siege Tank  
  150  9:10  SCV  
  150  9:11  Hellion x2  
  150  9:12  Starport Tech Lab  
  150  9:16  Factory, SCV  
  156  9:17  Siege Tank  
  156  9:18  Factory x2  
  159  9:24  SCV x2  
  159  9:26  Supply Depot  
  159  9:29  Siege Tank  
  164  9:32  Raven  
  164  9:38  Hellion x2  
  170  9:39  Hellion x2  
  170  9:40  Siege Tank  
  177  9:49  Siege Tank  
  177  9:50  Refinery x2  
  177  9:51  Missile Turret  
  180  9:58  Terran Vehicle Weapons Level 2  
  180  9:59  Hellion  
  182  10:01  Siege Tank  
  182  10:03  SCV  
  186  10:18  Siege Tank, Command Center, Missile Turret  
  186  10:19  Hellion  
  186  10:20  Hellion  
  186  10:22  Siege Tank  
  186  10:23  Factory Tech Lab x2, Factory Reactor  
  187  10:30  Hellion x2  
  187  10:33  Siege Tank  
  188  10:38  Starport Tech Lab  
  188  10:40  Command Center  
  188  10:45  Command Center  
  188  10:46  Terran Vehicle And Ship Armor Level 2  
  186  10:58  Siege Tank  
  186  11:02  Hellion  
  183  11:05  Hellion  
  183  11:06  Hellion  
  183  11:09  Hellion  
  183  11:10  Cyclone, Hellion  
  146  11:13  Raven  
  146  11:14  SCV x3  
  151  11:20  Hellion  
  151  11:23  Hellion  
  155  11:26  SCV x2  
  155  11:27  SCV  
  155  11:30  Siege Tank  
  155  11:31  Cyclone  
  164  11:38  SCV x2  
  163  11:42  Cyclone  
  163  11:43  Siege Tank, Cyclone, Hellion  
  163  11:47  SCV  
  158  11:51  Hellion  
  158  11:52  Raven  
  146  11:54  Hellion  
  146  12:00  SCV  
  146  12:01  Hellion  
  140  12:02  Siege Tank, Hellion  
  140  12:03  Thor  
  148  12:09  Barracks  
  148  12:14  Cyclone  
  148  12:15  Siege Tank, Cyclone  
  156  12:20  SCV x2  
  147  12:24  Hellion  
  147  12:25  Hellion  
  147  12:26  Hellion x2  
  147  12:27  Raven  
  155  12:34  Cyclone  
  158  12:37  Missile Turret  
  158  12:38  Hellion x2  
  158  12:40  Missile Turret  
  162  12:46  Siege Tank x2  
  162  12:47  Siege Tank x2  
  162  12:48  Hellion x2  
  178  12:55  Planetary Fortress  
  178  13:00  Planetary Fortress  
  178  13:06  Siege Tank  
  178  13:07  Supply Depot, Raven  
  183  13:13  Hellion x2  
  183  13:18  Siege Tank x2  
  183  13:19  Siege Tank x2  
  199  13:24  Hellion  
  186  13:29  Hellion  
  186  13:32  Missile Turret  
  186  13:33  Missile Turret, Hellion  
  187  13:38  Siege Tank  
  183  13:42  Hellion  
  183  13:45  Hellion  
  183  13:46  SCV x2  
  183  13:47  SCV  
  184  13:50  Siege Tank, Cyclone  
  184  13:51  Refinery x2, Cyclone  
  184  13:52  Missile Turret, Cyclone  
  194  14:00  Hellion x2  
  194  14:02  Terran Vehicle Weapons Level 3  
  196  14:10  Cyclone  
  199  14:22  Hellion  
  199  14:26  Raven  
  178  14:31  Cyclone, Hellion  
  178  14:36  SCV  
  175  14:44  SCV  
  157  14:48  Refinery  
  157  14:49  Refinery  
  157  14:50  Command Center x2  
  164  14:52  Cyclone, Hellion  
  164  14:53  Command Center, Cyclone, Hellion  
  164  14:54  SCV x2, Supply Depot  
  164  14:56  Engineering Bay  
  164  14:57  Supply Depot, Cyclone, Hellion  
  174  15:00  Hellion, Raven  
  174  15:02  Hellion  
  174  15:05  Hellion  
  170  15:15  Cyclone, Hellion  
  168  15:24  Hellion  
  168  15:26  Siege Tank, Hellion  
  168  15:28  Cyclone, Hellion  
  179  15:29  Hellion  
  179  15:34  Raven  
  180  15:43  Sensor Tower  
  180  15:46  Siege Tank  
  180  15:49  Siege Tank  
  182  15:54  Orbital Command  
  182  15:56  Siege Tank, Hellion  
  168  16:10  Siege Tank x2  
  175  16:11  Hellion  
  167  16:19  Siege Tank  
  167  16:21  Siege Tank  
  167  16:23  Hellion  
  177  16:28  Siege Tank  
  177  16:29  Banshee  
  168  16:38  Hellion  
  159  16:42  Siege Tank  
  159  16:46  Siege Tank, Hellion x3  
  159  16:47  Hellion  
  161  16:51  Siege Tank  
  163  16:55  Hellion  
  163  16:57  Hellion  
  163  16:59  Hellbat, Orbital Command  
  167  17:12  Hellbat, Hellion  
  167  17:14  SCV x2  
  166  17:20  Orbital Command  
  166  17:26  Cyclone  
  166  17:27  Cyclone  
  165  17:33  SCV x2  
  167  17:38  Cyclone  
  167  17:39  Raven  
  167  17:42  Cyclone  
  163  18:04  Siege Tank x2  
  163  18:05  Hellion  
  169  18:11  SCV x2  
  169  18:12  SCV x2  
  159  18:13  Cyclone, Hellion x2  
  159  18:14  Hellion  
  159  18:16  SCV  
  159  18:17  Hellion x7  
  168  18:23  SCV  
  168  18:24  SCV  
  167  18:27  Hellion  
  167  18:31  SCV  
  167  18:33  SCV  
  169  18:39  Smart Servos  
  165  18:44  SCV x2  
  165  18:48  SCV x2  
  167  18:54  Engineering Bay  
  164  19:05  Raven  
  162  19:10  Cyclone, Hellion x2  
  156  19:19  SCV  
  156  19:20  Hellion  
  156  19:21  SCV  
  129  19:27  SCV x3  
  123  19:31  SCV  
  123  19:33  Hellion  
  123  19:35  SCV  
  118  19:39  SCV, Raven  
  118  19:41  SCV  
  118  19:42  Hellion  
  118  19:44  SCV  
  122  20:00  SCV  
Show
View Real Time Build Order
Export as new Build Order

Elazer Zerg 

Build Orders: Hatch First 

Get SALT Encoding   

  12  0:00  Drone  
  13  0:12  Overlord  
  13  0:16  Drone  
  14  0:30  Drone x2  
  16  0:47  Hatchery  
  15  0:50  Drone  
  15  0:54  Drone  
  15  0:57  Drone  
  18  1:07  Extractor  
  17  1:12  Spawning Pool  
  17  1:15  Drone  
  18  1:18  Drone  
  18  1:27  Drone  
  19  1:38  Drone  
  20  1:50  Drone  
  21  1:59  Queen x2  
  21  2:00  Zergling x4  
  27  2:10  Drone  
  27  2:11  Overlord, Metabolic Boost  
  28  2:35  Drone x3, Hatchery  
  30  2:42  Queen  
  33  2:44  Drone  
  33  2:48  Overlord  
  33  2:52  Drone  
  33  2:57  Drone x2  
  36  3:04  Overlord  
  36  3:07  Drone x3  
  36  3:08  Drone  
  40  3:15  Queen  
  42  3:20  Queen  
  42  3:26  Drone x2  
  47  3:27  Zergling x2  
  47  3:29  Overlord  
  47  3:37  Drone  
  47  3:40  Drone x3  
  51  3:47  Overlord  
  51  3:49  Queen  
  51  3:51  Drone x4  
  57  3:55  Queen  
  57  3:59  Drone x2  
  60  4:05  Baneling Nest  
  60  4:07  Queen  
  61  4:11  Zergling x2  
  61  4:12  Zergling x4  
  64  4:17  Zergling x4  
  64  4:21  Overlord  
  64  4:22  Zergling x8  
  70  4:27  Zergling x2  
  70  4:29  Drone x2  
  73  4:32  Spore Crawler x2  
  73  4:36  Drone  
  70  4:40  Queen  
  70  4:42  Drone x3  
  70  4:43  Queen  
  77  4:50  Overlord  
  77  4:59  Drone  
  77  5:04  Lair  
  77  5:05  Overlord  
  77  5:06  Extractor  
  76  5:07  Drone x4  
  80  5:14  Overlord  
  80  5:15  Hatchery  
  78  5:24  Zergling x14  
  81  5:29  Overlord  
  81  5:31  Overlord  
  81  5:32  Zergling x2  
  81  5:33  Zergling x6  
  76  5:38  Overlord  
  76  5:39  Drone x2  
  74  5:48  Drone x2  
  71  5:50  Drone  
  71  5:54  Drone x3  
  71  5:56  Drone x4  
  78  6:02  Drone  
  80  6:04  Drone  
  80  6:05  Centrifugal Hooks  
  80  6:08  Drone  
  80  6:10  Extractor  
  80  6:11  Roach Warren  
  79  6:13  Extractor, Drone x2  
  79  6:14  Extractor  
  79  6:19  Drone x4  
  79  6:23  Drone  
  79  6:24  Drone x3  
  87  6:26  Drone  
  87  6:30  Drone x2  
  90  6:34  Drone x3  
  90  6:36  Drone x2  
  90  6:38  Drone  
  96  6:46  Overlord  
  96  6:48  Overlord  
  96  6:49  Drone x5  
  96  6:53  Overlord  
  100  6:56  Hydralisk Den, Drone x3  
  100  6:58  Extractor  
  99  7:04  Zergling x4  
  99  7:05  Zergling x10  
  105  7:14  Overlord  
  105  7:21  Zergling x16  
  111  7:29  Hydralisk x6, Muscular Augments  
  121  7:38  Baneling x4  
  121  7:41  Hydralisk x5  
  131  7:44  Overlord  
  125  8:03  Hydralisk x5  
  127  8:06  Zergling x2  
  127  8:07  Zergling x20  
  135  8:13  Overlord  
  135  8:16  Overlord  
  135  8:17  Drone x4  
  138  8:22  Drone x3  
  138  8:23  Drone x2, Evolution Chamber  
  138  8:24  Evolution Chamber  
  140  8:30  Drone x2  
  140  8:32  Infestation Pit  
  140  8:38  Baneling x8  
  140  8:40  Drone x5  
  140  8:41  Drone x2, Grooved Spines  
  144  8:47  Baneling x7  
  134  8:49  Zerg Melee Weapons Level 1  
  134  8:50  Zerg Missile Weapons Level 1  
  134  8:56  Extractor, Hydralisk x3  
  134  8:57  Extractor  
  134  8:58  Zergling x14  
  143  9:07  Zergling x6  
  144  9:14  Hydralisk x3, Hive  
  150  9:19  Drone  
  150  9:20  Drone  
  150  9:21  Zergling x6  
  150  9:22  Spine Crawler  
  153  9:31  Baneling x12, Hatchery  
  148  9:33  Zergling x14  
  148  9:36  Overseer  
  155  9:45  Overlord x5  
  155  9:46  Overlord  
  155  9:47  Pneumatized Carapace  
  155  9:52  Overseer  
  151  10:01  Baneling x8  
  151  10:13  Zergling x2  
  151  10:14  Zergling x46  
  175  10:25  Viper x4  
  186  10:34  Zergling x6  
  184  10:45  Zerg Melee Weapons Level 2, Zerg Missile Weapons Level 2  
  177  10:51  Drone x5  
  177  10:52  Drone  
  177  10:54  Baneling x6  
  173  11:07  Zergling x8  
  173  11:08  Zergling x26  
  143  11:13  Hydralisk x9  
  143  11:16  Queen  
  157  11:19  Hydralisk x3  
  163  11:25  Overseer  
  163  11:26  Hydralisk x2  
  163  11:28  Baneling x6  
  167  11:33  Zergling x8  
  170  11:46  Zergling x14  
  161  11:52  Zergling x14  
  161  12:00  Hydralisk x3  
  165  12:06  Zergling x12  
  171  12:14  Zergling x2  
  171  12:15  Zergling x6  
  172  12:19  Zergling x4  
  165  12:25  Zergling x6  
  168  12:31  Adrenal Glands  
  168  12:32  Overlord x2  
  168  12:33  Lurker Den  
  168  12:34  Baneling x20  
  167  12:38  Queen  
  167  12:40  Drone x3  
  167  12:41  Drone, Spine Crawler  
  167  12:42  Spine Crawler  
  167  12:43  Spine Crawler x2  
  169  12:59  Spine Crawler  
  169  13:01  Overseer  
  169  13:05  Spine Crawler  
  167  13:10  Zergling x30  
  167  13:29  Zerg Missile Weapons Level 3, Zerg Melee Weapons Level 3  
  167  13:30  Hydralisk  
  167  13:31  Hydralisk x6  
  181  13:36  Zergling x22  
  180  13:53  Zergling x20  
  187  14:02  Seismic Spines  
  185  14:12  Baneling x7  
  185  14:17  Baneling x11, Hydralisk x6  
  175  14:34  Zergling x16  
  173  14:44  Hydralisk  
  173  14:45  Hydralisk x7  
  181  14:49  Overlord x2  
  181  14:51  Zergling x6  
  184  14:59  Adaptive Talons  
  184  15:01  Hatchery  
  184  15:02  Overlord x3  
  165  15:15  Hatchery  
  165  15:17  Lurker x16  
  165  15:21  Zergling x20  
  182  15:28  Extractor  
  179  15:40  Zergling x12  
  168  15:55  Hydralisk x8  
  159  16:22  Hydralisk x5  
  167  16:29  Zergling x14  
  162  16:40  Zergling x6  
  162  16:47  Hatchery, Zergling x6  
  156  17:02  Drone x6  
  156  17:07  Hatchery  
  156  17:14  Zergling x8  
  150  17:24  Zergling x8  
  144  17:32  Hydralisk x3  
  135  17:39  Zergling x2  
  129  17:52  Hydralisk x7  
  131  18:07  Hydralisk x3  
  129  18:17  Zergling x10  
  130  18:25  Lurker x3  
  130  18:27  Lurker  
  130  18:28  Lurker, Hatchery  
  130  18:31  Lurker  
  129  18:47  Zergling x2  
  129  18:48  Zergling x8  
  124  19:06  Zergling x14  
  127  19:17  Zergling x6  
  101  19:31  Hydralisk x2  
  99  19:38  Hydralisk  

Tags
 
Add a new tag
Caveats
  • Supply blocks, unpowered buildings, or Contaminate may cause inaccurate times.
  • Supply counts are checked every 10 seconds.